 Dungeon Crawl Stone Soup version 0.22-a0-348-gd16d139 (webtiles) character file.

4 4thArraOfDagon the Firebug (level 1, 1/11 HPs)
             Began as an Octopode Fire Elementalist on Apr 11, 2018.
             Quit the game on level 1 of the Dungeon.
             The game lasted 00:01:17 (258 turns).

4thArraOfDagon the Firebug (OpFE)                    Turns: 258, Time: 00:01:17

Health: 1/11       AC:  1    Str:  7    XL:     1   Next: 70%
Magic:  1/3        EV: 13    Int: 17    God:
Gold:   0          SH:  0    Dex: 12    Spells: 3/4 levels left

rFire    . . .     SeeInvis .   b - ration
rCold    . . .     Gourm    .   (no shield)
rNeg     . . .     Faith    .   (helmet restricted)
rPois    .         Spirit   .   (no amulet)
rElec    .         Reflect  .   (no ring)
rCorr    .         Harm     .   (no ring)
MR       .....                  (no ring)
Stlth    +++.......             (no ring)
HPRegen  0.03/turn              (no ring)
MPRegen  0.08/turn              (no ring)
                                (no ring)
                                (no ring)

@: lethally poisoned (1 -> 0)
A: almost no armour, stealthy swim, amphibious, 8 rings, constrict 8, camouflage
1, gelatinous body 1
a: no special abilities


You were on level 1 of the Dungeon.
You were not hungry.

You visited 1 branch of the dungeon, and saw 1 of its levels.

Inventory:

Hand Weapons
 a - a +0 whip
Comestibles
 b - a ration (in tentacle)


   Skills:
 - Level 2.0 Dodging
 - Level 2.6 Stealth
 + Level 2.0 Spellcasting
 * Level 1.2 Conjurations
 * Level 3.1 Fire Magic


You had 3 spell levels left.
You knew the following spells:

 Your Spells              Type           Power        Failure   Level  Hunger
a - Flame Tongue          Conj/Fire      #....        8%          1    #......


Dungeon Overview and Level Annotations

Branches:
Dungeon (1/15)

Altars:


Innate Abilities, Weirdness & Mutations

You cannot wear most types of armour.
You are very stealthy in the water. (Stealth+)
You are amphibious.
You can wear up to eight rings at the same time.
You can use your tentacles to constrict eight enemies at once.
Your skin changes colour to match your surroundings (Stealth+).
Your rubbery body absorbs attacks. (AC +1, EV +1)


Message History

You feel sick.
You aren't carrying any scrolls.
Unknown command.
Okay, then.
Wield which item (- for none, * to show all)? (? for menu, Esc to quit)
b - a ration (in tentacle)
You swing at nothing.
* * * LOW HITPOINT WARNING * * *
You feel sick.
You swing at nothing.
You swing at nothing.
* * * LOW HITPOINT WARNING * * *
You feel sick.
You swing at nothing.
You swing at nothing.
You swing at nothing.
* * * LOW HITPOINT WARNING * * *
You feel sick.
You swing at nothing.
Are you sure you want to abandon this character and quit the game? (Confirm with "yes".)

### #.. #.# #)# #.# #.# #.# #
############.# ##.
#......@.....#
#...##.###..#######
#....)...(..# #...##.###.##
### #.....#
##########.##################
.......†....................#
............................#
#####..###########..#####...#


There were no monsters in sight!

Vanquished Creatures
  2 goblins (D:1)
  A bat (D:1)
  2 rats (D:1)
5 creatures vanquished.

Notes
Turn   | Place    | Note
-------+----------+-------------------------------------------
     0 | D:1      | 4thArraOfDagon the Octopode Fire Elementalist began the quest for the Orb.
     0 | D:1      | Reached XP level 1. HP: 11/11 MP: 3/3
    35 | D:1      | 4thArraOfDagon: hmm
    35 | D:1      | 4thArraOfDagon: !lg * max=mp x=mp
    35 | D:1      | beem: 8715918. [mp=151] Charly the Archmage (L27 OpAE of Ashenzari), escaped with the Orb and 15 runes on 2017-12-16 02:27:05, with 10331962 points after 166000 turns and 13:08:56.
    35 | D:1      | 4thArraOfDagon: is it really possible?
   258 | D:1      | Quit the game

Vault maps used:
D:1:      dpeg_arrival_boxes_within_box

Action                   || total
-------------------------++-------
Melee: Unarmed           ||     5
       Whip              ||     2
       Constrict         ||     1
 Cast: Flame Tongue      ||     7
 Stab: Sleeping          ||     1
Dodge: Dodged            ||     3

Table legend:
 A = Spawn XP
 B = Non-spawn XP
 C = Spawn XP percentage of total XP
 D = Spawn monster count
 E = Non-spawn monster count
 F = Spawn count percentage of total count
 G = Total turns spent on level
                    A         B        C        D         E        F      G
               +---------+---------+-------+---------+---------+-------+---------
         Total |       0 |       7 |   0.0 |       0 |       5 |   0.0 |   258
               +---------+---------+-------+---------+---------+-------+---------
           D:1 |       0 |       7 |   0.0 |       0 |       5 |   0.0 |   258
               +---------+---------+-------+---------+---------+-------+---------
